 Dungeon Sprint DCSS version 0.21-a0-150-gc243083 (webtiles) character file.

283400 IsaacBound the End of an Era (level 18, -4/182 HPs)
             Began as a Demonspawn Gladiator on July 29, 2017.
             Was the Champion of Qazlal.
             Slain by a golden dragon (15 damage)
             ... in the Dungeon (Sprint IX: "|||||||||||||||||||||||||||||").
             The game lasted 00:13:27 (6930 turns).

IsaacBound the End of an Era (Demonspawn Gladiator) Turns: 6930, Time: 00:13:27

Health: -4/182     AC: 50    Str: 23    XL:     18   Next: 21%
Magic:  0/35       EV: 19    Int: 20    God:    Qazlal [******]
Gold:   1151       SH:  8    Dex: 26    Spells: 17/17 levels left

rFire    + + +     SeeInvis .   U - +5 lajatang of Womaz {elec, rPois rF+ MR+ Dex+4}
rCold    + + .     Gourm    .   (shield currently unavailable)
rNeg     . . .     Faith    .   E - +3 gold dragon scales
rPois    +         Spirit   +   F - +2 helmet
rElec    +         Reflect  .   W - +0 cloak of the Turtle {rElec rF++ Int+3}
rCorr    .         Harm     .   M - +2 pair of gloves {Str+3}
MR       ++...     NoTele   +   V - +2 pair of boots {Stlth+}
Stlth    ..........             S - amulet of Xom's Passing Interest {Regen+ Slay+5}
HPRegen  0.80/turn              K - +2 ring of slaying
MPRegen  0.48/turn              R - ring "Boxoi" {rC+ Int+7}

@: mighty, protected from physical damage, repel missiles
A: hooves 2, molten scales 2, powered by pain 2, magic shield, magic
regeneration
}: 5/15 runes: decaying, serpentine, barnacled, silver, gossamer
a: Upheaval, Elemental Force, Disaster Area, Renounce Religion


You were in the Dungeon.
You worshipped Qazlal.
Qazlal was exalted by your worship.
You were hungry.

You visited 1 branch You collected 1934 gold pieces.
You spent 783 gold pieces at shops.

Inventory:

Hand Weapons
 o - a +4 quarterstaff of speed
 T - the +5 lajatang "Uluhept" {slice, +Rage rF+ Int+5}
   (You found it in the Dungeon)

   It inflicts extra damage upon your enemies.
   It affects your intelligence (+5).
   It protects you from fire.
   It lets you go berserk.
 U - the +5 lajatang of Womaz (weapon) {elec, rPois rF+ MR+ Dex+4}
   (You found it in the Dungeon)

   Occasionally, upon striking a foe, it will discharge some electrical energy
   and cause terrible harm.
   It affects your dexterity (+4).
   It protects you from fire.
   It protects you from poison.
   It affects your resistance to hostile enchantments.
Missiles
 d - 7 throwing nets (quivered)
Armour
 E - +3 gold dragon scales (worn)
 F - a +2 helmet (worn)
 M - a +2 pair of gloves of strength (worn)
 N - a +0 cloak of magic resistance
 V - a +2 pair of boots of stealth (worn)
 W - the +0 cloak of the Turtle (worn) {rElec rF++ Int+3}
   (You found it in the Dungeon)

   It affects your intelligence (+3).
   It greatly protects you from fire.
   It insulates you from electricity.
 X - a +5 large shield
Magical Staves
 t - an uncursed staff of conjuration
 G - an uncursed staff of energy
Jewellery
 s - a +3 amulet of reflection
 B - an uncursed ring of poison resistance
 H - an uncursed amulet of regeneration
 J - a +4 ring of evasion
 K - a +2 ring of slaying (left hand)
 O - the amulet of Amelioration {Reflect Str+8 Dex+4 SH+3}
   (You found it in the Dungeon)

   [amulet of reflection]

   It shields you and reflects attacks.
   It affects your strength (+8).
   It affects your dexterity (+4).
   It affects your SH (+3).
 P - the ring "Hoedor" {rF+ Str+4}
   (You found it in the Dungeon)

   [ring of protection from fire]

   It affects your strength (+4).
   It protects you from fire.
 Q - the ring "Uhomofy" {Fire *Contam rElec SInv}
   (You found it in the Dungeon)

   [ring of fire]

   It enhances your fire magic.
   It protects you from fire.
   It makes you vulnerable to cold.
   It insulates you from electricity.
   It lets you see invisible.
   It causes magical contamination when unequipped.
 R - the ring "Boxoi" (right hand) {rC+ Int+7}
   (You found it in the Dungeon)

   [ring of protection from cold]

   It affects your intelligence (+7).
   It protects you from cold.
 S - the amulet of Xom's Passing Interest (around neck) {Regen+ Slay+5}
   (You found it in the Dungeon)

   [amulet of regeneration]

   It affects your accuracy and damage with ranged weapons and melee attacks
   (+5).
   It increases your rate of regeneration.
Wands
 n - a wand of lightning (0/15)
Scrolls
 h - 2 scrolls of fog
 k - 9 scrolls of blinking
 l - 10 scrolls of remove curse
 m - 3 scrolls of amnesia
 q - 2 scrolls of identify
 x - 3 scrolls of fear
 y - 2 scrolls of enchant weapon
 A - a scroll of torment {unknown}
 Y - a scroll of recharging
Potions
 a - 3 potions of might
 b - 3 potions of berserk rage
 c - 3 potions of resistance
 e - 13 potions of curing
 g - 11 potions of heal wounds
 i - 4 potions of magic
 p - 2 potions of agility
 r - 6 potions of haste
 L - a potion of ambrosia {unknown}
Books
 C - the Catalogue of Moulding
   (You found it in the Dungeon)

   Spells                             Type                      Level
   a - Spider Form                    Transmutation/Poison         3
   b - Yara's Violent Unravelling     Hexes/Transmutation          5
   c - Alistair's Intoxication        Transmutation/Poison         5
   d - Hydra Form                     Transmutation                6
Miscellaneous
 I - a lightning rod (4/4)
Comestibles
 f - 11 bread rations
 u - a royal jelly
 v - 40 fruits
 w - 12 meat rations


   Skills:
 O Level 27 Fighting
 O Level 27 Staves
 - Level 1.7 Throwing
 O Level 27 Armour
 + Level 18.0 Dodging
 O Level 27 Invocations


You had 17 spell levels left.
You didn't know any spells.

Dungeon Overview and Level Annotations

Branches:
Dungeon (1/1)

Altars:
Cheibriados
Dithmenos
Elyvilon
Fedhas
Gozag
Hepliaklqana
Kikubaaqudgha
Makhleb
Nemelex Xobeh
Okawaru
Qazlal
Ru
Sif Muna
Trog
Uskayaw
Vehumet
Wu Jian
Xom
Yredelemnul
Zin
The Shining One
Beogh
Jiyva
Lugonu

Shops:
D *?**


Innate Abilities, Weirdness & Mutations

You have hoof-like feet.
You are mostly covered in molten scales. (AC +3)
You sometimes gain power by taking damage.
When hurt, damage is shared between your health and your magic reserves.
You regenerate magic rapidly.


Message History

You block the golden dragon's attack. x2
Nature churns violently around you!
The cutting wind hits the moth of wrath.
The moth of wrath gets badly buffeted.
You kill the moth of wrath!
Qazlal accepts your kill.
The blast of rubble hits the yellow draconian.
The yellow draconian is heavily wounded.
The blast of rubble hits the yellow draconian.
The yellow draconian is almost dead.
The cutting wind hits the yellow draconian.
You kill the yellow draconian!
Qazlal accepts your kill.
Your Dodging skill increases to level 18!
The golden dragon bites you!!!
* * * LOW HITPOINT WARNING * * *
You focus on the pain.
You feel mightier all of a sudden. You block the golden dragon's attack.
The golden dragon tramples you!
You die...

▓▓▓▓▓▓▓▓▓▓▓▓▓▓▓▓▓▓▓▓▓▓▓▓
)....[.[.§§§≈≈≈)@D)..§≈§
▓▓▓▓▓▓▓▓▓▓▓▓▓▓▓▓▓▓▓▓▓▓▓▓▓▓▓▓▓▓▓▓▓
..................))))...........
▓▓▓▓▓▓▓▓▓▓▓▓▓▓▓▓▓▓▓▓▓▓▓▓▓▓▓▓▓▓▓▓▓
....[[.[.[......!...............[
▓▓▓▓▓▓▓▓▓▓▓▓▓▓▓▓▓▓▓▓▓▓▓▓▓▓▓▓▓▓▓▓▓
.).............................).
▓▓▓▓▓▓▓▓▓▓▓▓▓▓▓▓▓▓▓▓▓▓▓▓▓▓▓▓▓▓▓▓▓
..).[.....(()..[...[......[)[....


You could see a golden dragon (berserk).

Vanquished Creatures
  Mennas (D)
  Sojobo (D)
  Margery (D)
  Xtahua (D)
  Saint Roka (D)
  Nikola (D)
  2 golden dragons (D)
  Jory (D)
  A bone dragon (D)
  A lich (D)
  3 tentacled monstrosities (D)
  A quicksilver dragon (D)
  2 sphinxes (D)
  2 death cobs (D)
  7 shadow dragons (D)
  Ilsuiw (D)
  2 storm dragons (D)
  2 tengu reavers (D)
  2 draconian monks (D)
  7 nagarajas (D)
  2 frost giants (D)
  Aizul (D)
  A vault warden (D)
  Louise (D)
  2 orc warlords (D)
  5 emperor scorpions (D)
  A draconian annihilator (D)
  3 ironheart preservers (D)
  A spriggan defender (D)
  2 draconian shifters (D)
  3 very ugly things (D)
  A green draconian (D)
  6 stone giants (D)
  A black draconian (D)
  Nessos (D)
  4 red draconians (D)
  4 white draconians (D)
  A purple draconian (D)
  A spark wasp (D)
  4 merfolk javelineers (D)
  A spark wasp (shapeshifter) (D)
  A yellow draconian (D)
  A merfolk impaler (D)
  8 fire dragons (D)
  An ettin (D)
  2 ice dragons (D)
  A great orb of eyes (D)
  25 vault guards (D)
  A rakshasa (D)
  5 hydras (D)
  Harold (D)
  2 ghost crabs (D)
  2 naga warriors (D)
  7 merfolk aquamancers (D)
  A two-headed ogre (D)
  Erica (D)
  An anaconda (D)
  3 ogre magi (D)
  A deep troll earth mage (D)
  An orc high priest (D)
  A tengu warrior (D)
  A shock serpent (D)
  2 shadow wraiths (D)
  Sonja (D)
  A sea snake (D)
  2 unseen horrors (D)
  2 spriggan druids (D)
  A glowing orange brain (D)
  A deep elf archer (D)
  6 hell knights (D)
  A flayed ghost (D)
  3 ironbrand convokers (D)
  A harpy (shapeshifter) (D)
  A necromancer (D)
  6 orc knights (D)
  9 swamp dragons (D)
  2 orc sorcerers (D)
  2 deep elf magi (D)
  2 wolf spiders (D)
  A salamander (D)
  A mana viper (D)
  2 ugly things (D)
  A cyclops (D)
  A manticore (D)
  A moth of wrath (shapeshifter) (D)
  8 moths of wrath (D)
  2 merfolk sirens (D)
  4 naga magi (D)
  A black mamba (D)
  Psyche (D)
  2 guardian serpents (D)
  3 vault sentinels (D)
  3 spiny frogs (D)
  3 yaktaurs (D)
  6 komodo dragons (D)
  4 demonic crawlers (D)
  3 freezing wraiths (D)
  3 merfolk (D)
  A jumping spider (shapeshifter) (D)
  4 jumping spiders (D)
  A hornet (D)
  A blink frog (D)
  A bog body (D)
  2 snapping turtles (D)
  A blink frog (shapeshifter) (D)
  3 hippogriffs (D)
  2 slime creatures (D)
  2 wraiths (D)
  A tarantella (D)
  2 redbacks (D)
  A yak (D)
  A yak (shapeshifter) (D)
  A human (shapeshifter) (D)
  An acid dragon (D)
  A naga (D)
  4 water moccasins (D)
  3 wargs (D)
  2 hell hounds (D)
  A swamp drake (D)
  17 orc warriors (D)
  4 wolves (D)
  An eye of draining (shapeshifter) (D)
  An ogre (D)
  A boggart (D)
  4 bullfrogs (D)
  A big kobold (D)
  A scorpion (D)
  A killer bee (D)
  A jelly (D)
  2 orc priests (D)
  4 orc wizards (D)
  2 worker ants (D)
  2 adders (D)
  An adder zombie (D)
  16 orcs (D)
  2 bats (D)
  A goblin (D)
  2 hobgoblins (D)
346 creatures vanquished.

Vanquished Creatures (others)
  A necromancer (D)
  A black mamba (D)
2 creatures vanquished.

Grand Total: 348 creatures vanquished

Notes
Turn   | Place    | Note
-------+----------+-------------------------------------------
     0 | D        | IsaacBound the Demonspawn Gladiator began the quest for the Orb.
     0 | D        | Reached XP level 1. HP: 16/16 MP: 1/1
    17 | D        | Noticed an ogre
    17 | D        | Noticed a jelly
    17 | D        | Noticed a worker ant
    21 | D        | Killed an ogre
    21 | D        | Gained mutation: You are partially covered in molten scales. (AC +2) [demonic ancestry]
    21 | D        | Reached XP level 2. HP: 22/22 MP: 2/2
    21 | D        | Reached XP level 3. HP: 27/27 MP: 3/3
    21 | D        | Reached XP level 4. HP: 33/33 MP: 4/4
    31 | D        | Gained mutation: When hurt, damage is shared between your health and your magic reserves. [demonic ancestry]
    31 | D        | Reached XP level 5. HP: 38/38 MP: 5/5
    34 | D        | Reached skill level 10 in Staves
    40 | D        | Found a roughly hewn altar of Beogh.
    40 | D        | Found a snail-covered altar of Cheibriados.
    40 | D        | Found a shadowy altar of Dithmenos.
    40 | D        | Found a white marble altar of Elyvilon.
    40 | D        | Found a blossoming altar of Fedhas.
    40 | D        | Found an opulent altar of Gozag.
    41 | D        | Found a hazy altar of Hepliaklqana.
    42 | D        | Found a viscous altar of Jiyva.
    43 | D        | Found an ancient bone altar of Kikubaaqudgha.
    44 | D        | Found a corrupted altar of Lugonu.
    45 | D        | Found a burning altar of Makhleb.
    46 | D        | Found a sparkling altar of Nemelex Xobeh.
    47 | D        | Found an iron altar of Okawaru.
    48 | D        | Found a stormy altar of Qazlal.
    49 | D        | Found a sacrificial altar of Ru.
    50 | D        | Found a deep blue altar of Sif Muna.
    51 | D        | Found a bloodstained altar of Trog.
    52 | D        | Found a hide-covered altar of Uskayaw.
    53 | D        | Found a radiant altar of Vehumet.
    54 | D        | Found an ornate altar of the Wu Jian Council.
    55 | D        | Found a shimmering altar of Xom.
    56 | D        | Became a worshipper of Qazlal Stormbringer
    57 | D        | Found a basalt altar of Yredelemnul.
    58 | D        | Found a glowing silver altar of Zin.
    59 | D        | Found a glowing golden altar of the Shining One.
   112 | D        | Noticed a hippogriff
   113 | D        | Reached skill level 1 in Invocations
   114 | D        | Reached * piety under Qazlal
   117 | D        | Killed a hippogriff
   117 | D        | Reached skill level 5 in Dodging
   117 | D        | Reached skill level 5 in Invocations
   117 | D        | Reached XP level 6. HP: 47/47 MP: 5/10
   121 | D        | Reached ** piety under Qazlal
   121 | D        | Reached XP level 7. HP: 47/53 MP: 5/11
   171 | D        | Noticed a two-headed ogre
   171 | D        | Noticed a wraith
   171 | D        | Noticed an eight-headed hydra
   178 | D        | Killed a two-headed ogre
   178 | D        | Reached skill level 1 in Armour
   178 | D        | Gained mutation: You sometimes gain a little power by taking damage. [demonic ancestry]
   178 | D        | Reached XP level 8. HP: 54/61 MP: 10/14
   201 | D        | Killed an unseen horror
   201 | D        | Reached skill level 5 in Fighting
   201 | D        | Reached skill level 10 in Invocations
   210 | D        | Killed an eight-headed hydra
   210 | D        | Reached *** piety under Qazlal
   210 | D        | Gained mutation: You have large cloven feet. [demonic ancestry]
   210 | D        | Reached XP level 9. HP: 40/69 MP: 8/16
   477 | D        | Noticed a komodo dragon
   477 | D        | Noticed a komodo dragon
   477 | D        | Noticed a komodo dragon
   487 | D        | Killed a komodo dragon
   488 | D        | Noticed a spiny frog
   495 | D        | Reached **** piety under Qazlal
   501 | D        | Noticed a komodo dragon
   505 | D        | Killed a komodo dragon
   517 | D        | Killed a komodo dragon
   535 | D        | Reached ***** piety under Qazlal
   543 | D        | Killed a spiny frog
   543 | D        | Reached skill level 15 in Staves
   543 | D        | Gained mutation: You have hoof-like feet. [demonic ancestry]
   543 | D        | Reached XP level 10. HP: 30/79 MP: 6/19
   770 | D        | Noticed a seven-headed hydra
   771 | D        | Reached skill level 5 in Armour
   777 | D        | Killed a seven-headed hydra
   882 | D        | Reached ****** piety under Qazlal
   893 | D        | Reached skill level 10 in Dodging
  1183 | D        | Noticed Psyche
  1184 | D        | Killed Psyche
  1256 | D        | Noticed Harold
  1259 | D        | Killed Harold
  1259 | D        | Reached XP level 11. HP: 85/90 MP: 19/21
  1307 | D        | Noticed an orc knight
  1321 | D        | Noticed an orc knight
  1321 | D        | Killed an orc knight
  1331 | D        | Killed an orc knight
  1331 | D        | Reached skill level 10 in Fighting
  1331 | D        | Reached skill level 15 in Invocations
  1430 | D        | Noticed an orc knight
  1440 | D        | Killed an orc knight
  1565 | D        | Found Fuefet's Assorted Antiques.
  1565 | D        | Noticed an orc high priest
  1565 | D        | Noticed an orc sorcerer
  1565 | D        | Noticed an orc knight
  1565 | D        | Noticed an orc knight
  1566 | D        | Killed an orc high priest
  1566 | D        | Killed an orc sorcerer
  1566 | D        | Killed an orc knight
  1566 | D        | Killed an orc knight
  1579 | D        | Found Musosch's Magic Scroll Shoppe.
  1616 | D        | Found Zaocso's General Store.
  1620 | D        | Found Tavuuwk's General Store.
  1620 | D        | Noticed an orc knight
  1621 | D        | Noticed an orc sorcerer
  1624 | D        | Killed an orc sorcerer
  1641 | D        | Killed an orc knight
  1706 | D        | Bought a scroll of remove curse for 81 gold pieces
  1706 | D        | Bought a potion of heal wounds for 135 gold pieces
  1706 | D        | Bought a tubular coral ring for 135 gold pieces
  1708 | D        | Bought a scroll of enchant weapon for 97 gold pieces
  1708 | D        | Bought a scroll of enchant weapon for 97 gold pieces
  1708 | D        | Bought a scroll of enchant armour for 97 gold pieces
  1708 | D        | Bought a scroll of enchant armour for 97 gold pieces
  1712 | D        | Bought a potion of might for 44 gold pieces
  1758 | D        | Noticed Sonja
  1760 | D        | Killed Sonja
  1896 | D        | Noticed a deep elf mage
  1897 | D        | Killed a deep elf mage
  1904 | D        | Noticed an ogre mage
  1904 | D        | Killed an unseen horror
  1909 | D        | Noticed a fire dragon
  1912 | D        | Killed a fire dragon
  1912 | D        | Reached XP level 12. HP: 95/100 MP: 17/26
  1913 | D        | Noticed a green very ugly thing
  1913 | D        | Killed an ogre mage
  1917 | D        | Noticed a stone giant
  1921 | D        | Noticed an ogre mage
  1930 | D        | Killed a stone giant
  1930 | D        | Killed an ogre mage
  1937 | D        | Killed a green very ugly thing
  2194 | D        | Noticed Nessos
  2196 | D        | Killed Nessos
  2392 | D        | Noticed Aizul
  2393 | D        | Noticed Erica
  2393 | D        | Killed Erica
  2413 | D        | Killed Aizul
  2721 | D        | Noticed a nagaraja
  2721 | D        | Noticed a naga warrior
  2723 | D        | Killed a naga warrior
  2723 | D        | Killed an anaconda
  2737 | D        | Killed a nagaraja
  2737 | D        | Reached XP level 13. HP: 73/108 MP: 9/29
  2941 | D        | Reached skill level 27 in Invocations
  3260 | D        | Reached skill level 10 in Armour
  3402 | D        | Noticed Saint Roka
  3408 | D        | Killed Saint Roka
  3479 | D        | Noticed a fire dragon
  3481 | D        | Killed a fire dragon
  3482 | D        | Noticed a fire dragon
  3483 | D        | Noticed a frost giant
  3484 | D        | Noticed an ettin
  3486 | D        | Killed a fire dragon
  3486 | D        | Killed an ettin
  3486 | D        | Killed a frost giant
  3490 | D        | Noticed a sphinx
  3494 | D        | Noticed a fire dragon
  3498 | D        | Noticed a fire dragon
  3503 | D        | Killed a sphinx
  3503 | D        | Reached skill level 15 in Fighting
  3503 | D        | Gained mutation: You are mostly covered in molten scales. (AC +3) [demonic ancestry]
  3503 | D        | Reached XP level 14. HP: 97/123 MP: 17/31
  3603 | D        | Noticed an ironheart preserver
  3605 | D        | Killed an ironheart preserver
  3624 | D        | Noticed an ironheart preserver
  3625 | D        | Noticed a stone giant
  3628 | D        | Killed a stone giant
  3637 | D        | Killed an ironheart preserver
  3638 | D        | Noticed a stone giant
  3639 | D        | Noticed an ironheart preserver
  3649 | D        | Noticed a frost giant
  3652 | D        | Killed a stone giant
  3665 | D        | Killed an ironheart preserver
  3688 | D        | Killed a frost giant
  3916 | D        | Reached skill level 15 in Armour
  4020 | D        | Noticed Nikola
  4022 | D        | Killed Nikola
  4158 | D        | Noticed a nagaraja
  4159 | D        | Noticed a nagaraja
  4160 | D        | Killed a nagaraja
  4160 | D        | Killed a nagaraja
  4176 | D        | Noticed a nagaraja
  4177 | D        | Noticed a nagaraja
  4178 | D        | Noticed a nagaraja
  4188 | D        | Noticed a nagaraja
  4195 | D        | Killed a nagaraja
  4195 | D        | Killed a nagaraja
  4195 | D        | Gained mutation: You regenerate magic rapidly. [demonic ancestry]
  4195 | D        | Reached XP level 15. HP: 139/139 MP: 28/32
  4195 | D        | Killed a nagaraja
  4198 | D        | Killed a nagaraja
  4269 | D        | Got a serpentine rune of Zot
  4391 | D        | Got a gossamer rune of Zot
  4620 | D        | Got a decaying rune of Zot
  4628 | D        | Noticed Ilsuiw
  4634 | D        | Killed Ilsuiw
  4828 | D        | Got a barnacled rune of Zot
  4890 | D        | Noticed Sojobo
  4891 | D        | Noticed a tengu reaver
  4892 | D        | Killed a tengu reaver
  4892 | D        | Killed Sojobo
  5039 | D        | Noticed a tengu reaver
  5050 | D        | Killed a tengu reaver
  5110 | D        | Reached XP level 16. HP: 152/157 MP: 33/33
  5391 | D        | Noticed a lich
  5399 | D        | Killed a lich
  5404 | D        | Noticed a shadow dragon
  5405 | D        | Killed a shadow dragon
  5409 | D        | Noticed a shadow dragon
  5424 | D        | Killed a shadow dragon
  5722 | D        | Noticed a shadow dragon
  5722 | D        | Noticed a golden dragon
  5722 | D        | Noticed a shadow dragon
  5723 | D        | Killed a golden dragon
  5725 | D        | Noticed a shadow dragon
  5730 | D        | Noticed a tentacled monstrosity
  5732 | D        | Killed a shadow dragon
  5732 | D        | Killed a shadow dragon
  5732 | D        | Killed a tentacled monstrosity
  5732 | D        | Killed a shadow dragon
  5755 | D        | Killed a shadow dragon
  5925 | D        | Identified the Catalogue of Moulding
  5926 | D        | Got a silver rune of Zot
  5948 | D        | Noticed Mennas
  5950 | D        | Killed Mennas
  5950 | D        | Reached skill level 27 in Fighting
  5950 | D        | Gained mutation: You sometimes gain power by taking damage. [demonic ancestry]
  5950 | D        | Reached XP level 17. HP: 174/174 MP: 26/34
  6200 | D        | Noticed Xtahua
  6227 | D        | Killed Xtahua
  6234 | D        | Noticed Louise
  6236 | D        | Killed Louise
  6348 | D        | Got the amulet of Amelioration {Reflect Str+8 Dex+4 SH+3}
  6350 | D        | Got the ring "Hoedor" {rF+ Str+4}
  6352 | D        | Got the ring "Uhomofy" {Fire *Contam rElec SInv}
  6354 | D        | Got the ring "Boxoi" {rC+ Int+7}
  6356 | D        | Got the amulet of Xom's Passing Interest {Regen+ Slay+5}
  6362 | D        | Got the +5 lajatang "Uluhept" {slice, +Rage rF+ Int+5}
  6368 | D        | Got the +5 lajatang of Womaz {elec, rPois rF+ MR+ Dex+4}
  6380 | D        | Got the +0 cloak of the Turtle {rElec rF++ Int+3}
  6474 | D        | Noticed Jory
  6485 | D        | Killed Jory
  6501 | D        | Noticed Margery
  6524 | D        | Killed Margery
  6530 | D        | Reached skill level 27 in Staves
  6613 | D        | Noticed a golden dragon
  6613 | D        | Noticed a bone dragon
  6614 | D        | Killed a golden dragon
  6626 | D        | Killed a bone dragon
  6675 | D        | Noticed a quicksilver dragon
  6677 | D        | Killed a quicksilver dragon
  6814 | D        | Reached skill level 27 in Armour
  6814 | D        | Reached XP level 18. HP: 124/182 MP: 35/35
  6913 | D        | Noticed a tentacled monstrosity
  6913 | D        | Noticed a tentacled monstrosity
  6916 | D        | Reached skill level 15 in Dodging
  6916 | D        | Killed a tentacled monstrosity
  6917 | D        | Noticed a golden dragon
  6920 | D        | Killed a tentacled monstrosity
  6930 | D        | Slain by a golden dragon

Vault maps used:
D:        linesprint

Skill      XL: |  1  2  3  4  5  6  7  8  9 10 11 12 13 14 15 16 17 18 |
---------------+-------------------------------------------------------+-----
Staves         | 8 9 11 12 13 15 16 17 18 20 22 25 27 | 27.0
Dodging        | 5 6 7 9 10 11 14 18 | 18.0
Invocations    | 5 6 8 10 12 14 20 25 27 | 27.0
Fighting       | 3 4 5 7 9 11 12 15 19 23 27 | 27.0
Armour         | 1 2 4 7 8 12 16 19 20 27 | 27.0
Throwing       | |  1.7

Action                   |  1- 3 |  4- 6 |  7- 9 | 10-12 | 13-15 | 16-18 || total
-------------------------+-------+-------+-------+-------+-------+-------++-------
Melee: Quarterstaff      |    10 |    15 |   110 |   140 |   245 |   316 ||   836
       Kick              |       |       |    31 |    46 |   109 |   156 ||   342
       Lajatang          |       |       |       |       |       |   130 ||   130
Invok: Disaster Area     |       |       |       |    21 |    25 |    16 ||    62
Evoke: Wand              |       |     4 |     3 |       |       |       ||     7
  Use: Potion            |     1 |       |     2 |       |     1 |       ||     4
       Scroll            |       |       |       |       |       |     8 ||     8
 Stab: Invisible         |       |       |     6 |       |       |       ||     6
       Distracted        |       |       |       |       |     1 |       ||     1
  Eat: Chunk             |       |       |       |     1 |     3 |     1 ||     5
       Bread ration      |       |       |       |     1 |     1 |     1 ||     3
Armor: Leather armour    |     3 |     4 |       |       |       |       ||     7
       Chain mail        |       |     3 |    24 |     7 |       |       ||    34
       Plate armour      |       |       |       |    12 |    56 |    30 ||    98
       Shadow dragon sca |       |       |       |       |       |     9 ||     9
       Gold dragon scale |       |       |       |       |       |    83 ||    83
Dodge: Dodged            |     6 |     6 |    34 |    28 |    70 |    88 ||   232
       Deflected         |       |       |       |     5 |    12 |     3 ||    20
Block: Other             |       |       |     6 |    23 |    36 |    67 ||   132
